Map: Dusk Towers

Players

Steisjo

  • Race: Protoss Protoss
  • League: Platinum

uThermal - Winner!

  • Race: Terran Terran
  • League: Grandmaster

Event: DreamHack ZOWIE Open Leipzig

VOD

Have the link to the VOD?

Description

Time

  • Played on: Jan. 22, 2016, 3:52 p.m.
  • Length: 11:43

All games in this series

Show
View Real Time Build Order
Export as new Build Order

Steisjo Protoss 

Build Orders: 1 Gate Expand 

Get SALT Encoding   

  12  0:01  Probe (Chrono Boost)  
  13  0:11  Probe (Chrono Boost)  
  14  0:18  Pylon  
  14  0:22  Probe (Chrono Boost)  
  15  0:36  Gateway, Probe (Chrono Boost)  
  16  0:46  Probe (Chrono Boost)  
  16  0:48  Assimilator  
  18  0:57  Probe (Chrono Boost)  
  18  1:07  Probe (Chrono Boost)  
  19  1:18  Probe (Chrono Boost)  
  20  1:30  Nexus  
  20  1:35  Cybernetics Core  
  20  1:38  Probe (Chrono Boost)  
  21  1:50  Probe (Chrono Boost), Assimilator  
  22  1:55  Pylon  
  22  2:00  Probe (Chrono Boost)  
  23  2:13  Probe (Chrono Boost), Adept (Chrono Boost)  
  23  2:14  Warp Gate  
  26  2:22  Twilight Council  
  26  2:25  Probe (Chrono Boost)  
  27  2:37  Probe (Chrono Boost)  
  28  2:45  Robotics Facility  
  28  2:47  Probe (Chrono Boost)  
  28  2:51  Probe (Chrono Boost)  
  30  2:57  Probe (Chrono Boost)  
  31  2:59  Resonating Glaives (Chrono Boost)  
  31  3:00  Probe  
  32  3:09  Probe  
  32  3:10  Probe  
  32  3:12  Pylon  
  34  3:21  Gateway, Probe (Chrono Boost)  
  34  3:22  Gateway  
  34  3:23  Probe (Chrono Boost)  
  36  3:33  Mothership Core (Chrono Boost)  
  38  3:35  Warp Prism (Chrono Boost)  
  40  3:45  Probe  
  41  3:51  Pylon  
  41  3:52  Pylon  
  41  3:54  Probe  
  42  4:01  Probe  
  43  4:07  Observer (Chrono Boost)  
  44  4:10  Probe  
  44  4:15  Nexus  
  45  4:18  Probe, Adept x3  
  52  4:25  Pylon  
  52  4:26  Observer (Chrono Boost)  
  53  4:31  Probe  
  53  4:34  Pylon  
  55  4:38  Adept x2  
  55  4:40  Adept  
  60  4:47  Pylon  
  60  4:50  Probe  
  61  4:59  Stalker x2  
  65  5:03  Adept  
  65  5:04  Probe  
  65  5:05  Probe  
  69  5:08  Assimilator  
  69  5:12  Assimilator  
  69  5:15  Probe  
  69  5:17  Probe, Blink (Chrono Boost)  
  71  5:22  Stalker  
  71  5:25  Probe  
  71  5:26  Gateway  
  74  5:32  Stalker  
  76  5:39  Probe  
  76  5:40  Probe x2  
  79  5:49  Immortal (Chrono Boost)  
  79  5:50  Probe  
  79  5:51  Probe  
  79  5:52  Probe  
  79  5:55  Sentry  
  79  5:56  Pylon  
  84  6:00  Probe  
  84  6:02  Probe  
  82  6:07  Stalker x2  
  82  6:10  Probe  
  87  6:15  Gateway  
  87  6:16  Probe  
  87  6:17  Probe  
  89  6:27  Pylon  
  89  6:40  Probe x3  
  89  6:42  Stalker x4  
  99  6:50  Probe  
  99  6:52  Probe  
  99  6:54  Probe  
  100  7:01  Probe  
  98  7:04  Probe  
  98  7:08  Immortal (Chrono Boost)  
  105  7:16  Gateway x2  
  105  7:22  Adept x2  
  109  7:24  Pylon  
  108  7:32  Pylon  
  108  7:36  Pylon  
  108  7:44  Adept x3  
  108  7:45  Adept x2  
  108  7:48  Probe  
  108  7:51  Probe x2  
  116  7:54  Pylon  
  116  7:57  Immortal (Chrono Boost)  
  121  8:00  Probe  
  121  8:03  Probe  
  121  8:05  Forge  
  123  8:09  Probe  
  123  8:12  Stalker x3  
  126  8:14  Probe  
  126  8:18  Probe  
  118  8:33  Adept x2  
  110  8:35  Immortal (Chrono Boost)  
  110  8:39  Probe (Chrono Boost)  
  111  8:42  Stalker, Probe (Chrono Boost), Protoss Ground Armor Level 1 (Chrono Boost)  
  111  8:43  Stalker x2  
  111  8:46  Probe (Chrono Boost)  
  119  8:51  Probe (Chrono Boost)  
  119  8:54  Templar Archives  
  120  8:59  Probe (Chrono Boost)  
  120  9:00  Sentry  
  120  9:01  Adept x2  
  127  9:03  Probe  
  127  9:04  Probe  
  127  9:08  Assimilator  
  129  9:11  Assimilator  
  129  9:12  Pylon  
  129  9:13  Immortal  
  130  9:20  Adept  
  130  9:23  Adept  
  137  9:26  Psionic Storm  
  137  9:41  Nexus  
  137  9:46  High Templar  
  137  9:50  Photon Cannon, High Templar x3  
  145  9:54  Probe  
  145  9:57  Immortal  
  150  10:02  Probe, Pylon  
  150  10:03  Pylon  
  150  10:06  Forge  
  151  10:12  Probe  
  152  10:20  High Templar  
  152  10:21  High Templar  
  156  10:22  Adept x2  
  156  10:23  Probe  
  156  10:25  Pylon  
  161  10:28  Pylon  
  161  10:29  Pylon  
  161  10:30  Archon  
  161  10:36  High Templar  
  161  10:42  Adept x4  
  171  10:49  Probe  
  172  10:52  Gateway  
  172  10:54  Pylon  
  172  11:02  Adept x2  
  172  11:03  Adept x2  
  164  11:25  Archon x2  
  120  11:26  Adept x2  
  120  11:27  Adept x5  
Show
View Real Time Build Order
Export as new Build Order

uThermal Terran - Winner!

Build Orders: Bio Tank 

Get SALT Encoding   

  12  0:00  SCV  
  13  0:13  SCV  
  14  0:19  Supply Depot  
  14  0:25  SCV  
  15  0:41  SCV  
  15  0:42  Barracks  
  16  0:47  Refinery  
  16  0:53  Barracks  
  16  0:55  SCV  
  17  1:08  SCV  
  18  1:20  SCV  
  19  1:42  Barracks Reactor, Orbital Command  
  19  1:54  Command Center  
  19  2:08  SCV  
  20  2:14  Supply Depot  
  20  2:18  Marine x2  
  20  2:20  SCV  
  23  2:24  Factory  
  23  2:35  Marine  
  23  2:36  SCV, Marine  
  26  2:42  Refinery  
  26  2:48  SCV  
  27  2:53  Marine x2  
  27  2:54  Supply Depot  
  29  3:00  SCV  
  30  3:07  Orbital Command  
  30  3:08  Factory Tech Lab  
  30  3:12  SCV  
  31  3:21  Starport  
  31  3:25  SCV  
  32  3:31  Cyclone  
  35  3:34  SCV  
  35  3:37  SCV  
  35  3:38  Marine  
  38  3:41  Marine  
  38  3:48  SCV  
  39  3:49  Supply Depot, SCV  
  40  3:58  Marine  
  40  3:59  Marine  
  42  4:03  SCV, Siege Tank  
  42  4:04  SCV, Liberator  
  47  4:10  Supply Depot  
  47  4:15  SCV  
  47  4:16  SCV, Marine  
  50  4:17  Marine  
  54  4:27  SCV  
  54  4:28  SCV  
  56  4:34  Marine  
  56  4:35  Marine  
  58  4:39  SCV  
  58  4:44  SCV  
  60  4:46  Barracks x2  
  60  4:47  Siege Tank  
  60  4:52  Marine  
  64  4:53  Liberator, Marine  
  64  4:56  SCV  
  64  4:59  Supply Depot  
  62  5:08  SCV, Orbital Command  
  62  5:10  Marine x2  
  67  5:21  Engineering Bay  
  67  5:22  Supply Depot  
  67  5:25  Supply Depot  
  67  5:27  Marine  
  68  5:28  Marine  
  69  5:36  SCV  
  69  5:38  SCV  
  69  5:41  Barracks Tech Lab  
  69  5:42  Barracks Tech Lab  
  67  5:45  Marine  
  67  5:48  SCV  
  68  5:50  SCV  
  69  6:01  SCV  
  69  6:02  SCV  
  69  6:03  Command Center  
  71  6:07  Stimpack  
  71  6:10  Combat Shields  
  71  6:14  SCV, Starport Reactor  
  71  6:16  SCV  
  73  6:23  Refinery  
  73  6:24  Marine x3  
  76  6:25  Refinery  
  76  6:37  SCV x2  
  76  6:38  Barracks  
  76  6:39  Barracks  
  78  6:43  Terran Infantry Weapons Level 1  
  78  6:48  Marine  
  78  6:49  SCV x2  
  81  6:57  Marine, Medivac  
  81  7:01  SCV x2  
  81  7:08  Supply Depot  
  83  7:13  SCV  
  83  7:14  Supply Depot  
  83  7:15  Supply Depot  
  84  7:18  SCV, Bunker  
  85  7:25  SCV  
  85  7:27  Supply Depot  
  86  7:31  Supply Depot  
  86  7:35  Siege Tank  
  86  7:36  Marine  
  90  7:39  SCV, Marine  
  91  7:44  SCV  
  91  7:47  Medivac  
  94  7:51  Orbital Command  
  94  7:52  SCV  
  94  7:57  SCV  
  94  7:58  Marine x3  
  96  8:04  SCV, Marine x2  
  101  8:07  Siege Tank  
  101  8:09  SCV  
  105  8:12  Supply Depot  
  105  8:16  SCV, Marine x3  
  105  8:17  Barracks Reactor  
  105  8:18  SCV  
  109  8:21  SCV  
  109  8:22  Marine  
  102  8:27  Medivac  
  102  8:28  Marine  
  102  8:30  SCV x2  
  102  8:34  SCV, Marine x2  
  105  8:40  Marine  
  108  8:42  SCV x2  
  108  8:45  Marine  
  108  8:46  Terran Infantry Armor Level 1, SCV  
  112  8:49  Siege Tank  
  112  8:50  Supply Depot  
  112  8:52  Barracks Reactor, Concussive Shells, Marine x2  
  112  8:54  SCV x2, Marine  
  112  8:55  Marine  
  120  8:57  Missile Turret, Barracks  
  120  8:58  Marine  
  120  8:59  Barracks x2  
  121  9:03  Missile Turret, Marine  
  121  9:05  Missile Turret  
  121  9:09  Marine, Medivac  
  124  9:10  Marine  
  124  9:12  Marine x2, Medivac  
  124  9:15  Supply Depot  
  124  9:16  Marine  
  131  9:21  Marine  
  132  9:24  Siege Tank  
  132  9:27  Marine x2  
  132  9:29  Supply Depot, Marine x2  
  132  9:30  Supply Depot, Marine  
  140  9:32  Marine  
  140  9:33  Marine  
  142  9:39  Marine  
  142  9:40  Medivac  
  142  9:45  Marine x2  
  146  9:47  Marine x2  
  146  9:48  Marine  
  146  9:49  Marine x3  
  146  9:51  Marine  
  154  9:54  Marine  
  154  9:56  Siege Tank  
  154  9:57  Marine  
  154  9:58  Supply Depot  
  159  10:03  Marine x2  
  159  10:05  Medivac, Marine x2  
  159  10:06  Marine  
  166  10:08  Marine  
  166  10:09  Supply Depot  
  166  10:10  Marine, Medivac  
  170  10:16  Marine x2  
  170  10:18  Marine  
  170  10:21  Marine  
  175  10:23  Marine x2  
  175  10:24  Marine  
  175  10:26  Marine x2  
  179  10:28  Siege Tank  
  179  10:30  Supply Depot x2  
  179  10:31  Marine  
  179  10:34  Marine  
  184  10:36  Marine  
  184  10:39  Marine  
  184  10:41  Marine  
  188  10:44  Marine x2  
  188  10:49  Armory  
  188  10:52  Marine x2  
  188  10:55  Marine  
  188  10:56  Marine x3  
  194  11:00  Marine x3  
  194  11:01  Siege Tank  

Tags
 
Add a new tag
Caveats
  • Supply blocks, unpowered buildings, or Contaminate may cause inaccurate times.
  • Supply counts are checked every 10 seconds.